 Dungeon Crawl Stone Soup version 0.20.1-1-g8b1a95d (webtiles) character file.

145503 Gargoyl the Peltast (level 16, -2/141 HPs)
             Began as a Minotaur Abyssal Knight on Aug 21, 2017.
             Was the Champion of Lugonu.
             Shot with a bolt by a naga sharpshooter (24 damage)
             ... led by Vashnia
             ... on level 4 of the Snake Pit.
             The game lasted 01:13:21 (25519 turns).

Gargoyl the Peltast (Minotaur Abyssal Knight)      Turns: 25519, Time: 01:13:25

Health: -2/141     AC: 27    Str: 31    XL:     16   Next: 87%
Magic:  19/22      EV: 15    Int:  8    God:    Lugonu [******]
Gold:   758        SH: 12    Dex: 21    Spells: 15/15 levels left

rFire    x . .     SeeInvis +   I - +7 hand axe (elec)
rCold    + . .     Gourm    .   M - +3 warlock's mirror {reflect}
rNeg     + . .     Faith    .   d - +2 pearl dragon scales of Fashionability {rElec rF- rN+ Str+4 Stlth+}
rPois    .         Spirit   .   G - +2 hat {SInv}
rElec    +         Reflect  +   t - +1 cloak
rCorr    .         Harm     .   j - +0 pair of gloves "Giwedwa" {-Cast Str+4 Int-3 Dex+8}
MR       +++..     Rnd*Rage +   (no boots) Stlth +.........NoCast +
                                A - necklace of Bloodlust {*Rage +Rage MR++ Int-3 Slay+6 *Curse}
Regen    1.2/turn               C - +2 ring of strength
MPRegen  0.2/turn               P - +5 ring of intelligence

@: lethally poisoned (-2 -> -2), constricted
A: retaliatory headbutt, beak, claws 1, horns 2, talons 1, slimy green scales 1,
berserk 1, cold resistance 1, low mp 1, regeneration 2, subdued magic 1
a: Depart the Abyss, Bend Space, Banish, Corrupt, Enter the Abyss, Brand Weapon
With Distortion, Renounce Religion, Evoke Berserk Rage


You were on level 4 of the Snake Pit.
You worshipped Lugonu.
Lugonu was exalted by your worship.
You were not hungry.

You visited 5 branches of the dungeon, and saw 28 of its levels.
You visited the Abyss 1 time.
You visited 1 bazaar.
You also visited: Ice Cave.

You collected 2637 gold pieces.
You spent 1879 gold pieces at shops.

Inventory:

Hand Weapons
 p - a +0 hand axe of flaming
 q - a +4 broad axe of chopping
 I - a +7 hand axe of electrocution (weapon)
Missiles
 b - 5 javelins (quivered)
 z - 3 poisoned javelins
Armour
 d - the +2 pearl dragon scales of Fashionability (worn) {rElec rF- rN+ Str+4 Stlth+}
   (You found it on level 3 of the Abyss)

   It affects your strength (+4).
   It makes you vulnerable to fire.
   It insulates you from electricity.
   It protects you from negative energy.
   It makes you more stealthy.
 j - the +0 pair of gloves "Giwedwa" (worn) {-Cast Str+4 Int-3 Dex+8}
   (You acquired it on level 12 of the Dungeon)

   It affects your strength (+4).
   It affects your intelligence (-3).
   It affects your dexterity (+8).
   It prevents spellcasting.
 r - a +4 large shield of protection
 t - a +1 cloak (worn)
 G - a +2 hat of see invisible (worn)
 M - the +3 warlock's mirror (worn) {reflect}
   (You acquired it on level 3 of the Lair of Beasts)
Jewellery
 s - an uncursed ring of protection from cold
 A - the necklace of Bloodlust (around neck) {*Rage +Rage MR++ Int-3 Slay+6 *Curse}
   (You found it in an ice cave)

   [amulet of rage]

   It affects your intelligence (-3).
   It affects your accuracy and damage with ranged weapons and melee attacks
   (+6).
   It affects your resistance to hostile enchantments.
   It lets you go berserk.
   It may make you go berserk in combat.
   It curses itself when equipped.
 C - a +2 ring of strength (left hand)
 K - an uncursed ring of flight
 L - an uncursed ring of resist corrosion
 P - a +5 ring of intelligence (right hand)
Wands
 E - a wand of lightning (7/15)
Scrolls
 f - 10 scrolls of teleportation
 k - a scroll of holy word {unknown}
 l - 3 scrolls of fog
 o - 9 scrolls of fear
 y - 16 scrolls of remove curse
 J - 2 scrolls of blinking
 O - 3 scrolls of magic mapping
 S - 2 scrolls of amnesia
 Z - 2 scrolls of identify
Potions
 a - 5 potions of might
 e - a potion of magic
 i - a potion of invisibility
 n - 4 potions of heal wounds
 u - 4 potions of haste
 v - 5 potions of flight
 w - 12 potions of curing
 x - 2 potions of resistance
 D - a potion of experience
 H - 2 potions of agility
 Q - 2 potions of cancellation
 U - a potion of berserk rage
 V - 2 potions of brilliance
 Y - a potion of ambrosia
Miscellaneous
 R - a lightning rod (4/4)
Comestibles
 c - 15 bread rations
 g - 13 royal jellies
 h - 15 meat rations
 m - 42 fruits
 B - 3 chunks of flesh


   Skills:
 + Level 12.6 Fighting
 + Level 15.6 Axes
 + Level 2.4 Throwing
 * Level 15.8 Armour
 + Level 8.8 Dodging
 + Level 17.5 Shields
 * Level 13.7 Invocations


You had 15 spell levels left.
You didn't know any spells.

Dungeon Overview and Level Annotations

Branches:
Dungeon (15/15)            Temple (0/1) D:6            Lair (6/6) D:11
 Shoals (1/4) Lair:2        Snake (4/4) Lair:4        Slime (0/5) Lair:6
    Orc (2/2) D:11            Elf (0/3) Orc:2        Vaults (0/5) D:13
 Depths (0/5) D:15

Altars:
Ashenzari
Cheibriados
Dithmenos
Elyvilon
Fedhas
Hepliaklqana
Okawaru
Sif Muna
Trog
Vehumet
Xom
Yredelemnul
The Shining One
Beogh

Shops:
D:6 !   D:8 [   D:9 *   D:11 ?   D:15 }   Orc:2 ![*[

Annotations:
Snake:4 Vashnia
Orc:1 1 runed door, exclusion: 4 orange crystal statues
Abyss:1 Joseph


Innate Abilities, Weirdness & Mutations

You reflexively headbutt those who attack you in melee.
You have a pair of horns on your head.
You have a beak for a mouth.
You have sharp fingernails.
You have sharp toenails.
You are partially covered in slimy green scales. (AC +2)
You tend to lose your temper in combat.
Your flesh is cold resistant. (rC+)
Your magical capacity is low. (-10% MP)
You heal very quickly.
Your spells are a little easier to cast, but a little less powerful.


Message History

* * * LOW HITPOINT WARNING * * *
The naga sharpshooter casts a spell.
The naga sharpshooter magically shoots a bolt.
The bolt hits you!
* * * LOW HITPOINT WARNING * * *
You see here 2 bolts.
You feel much better.
You feel sick.
Vashnia shoots a bolt.
You reflect the bolt off your +3 warlock's mirror {reflect}!
The bolt hits Vashnia!
The naga sharpshooter shoots a bolt.
You reflect the bolt off your +3 warlock's mirror {reflect}!
The bolt hits the naga sharpshooter!
The naga sharpshooter shoots a bolt.
The bolt completely misses you.
The naga warrior hits you with a glaive!
* * * LOW HITPOINT WARNING * * *
The naga warrior grabs you.
* * * LOW HITPOINT WARNING * * *
The naga warrior constricts you.
The naga sharpshooter shoots a bolt.
The bolt closely misses you.
The bolt hits the naga warrior.
The naga sharpshooter shoots a bolt.
The bolt hits you!!
You die...

.# ##.....##........## .#
##.......##........# .#
#.............[....## ##
#......(..........$.# #
....................#
###...........(.NN.....##
#...... #....(((((......#
...#.. #..##..).(N.(.N(.
..##.## #..##..N@(.......
..#...###.####(..........
..#...##..# ####....N...
.##...##..# .........
.......#..###............
.........................
#####.........#..........
.....##..####............
.#### ##.# ..


You could see Vashnia, a naga warrior and 4 naga sharpshooters.

Vanquished Creatures
  The ghost of pupurumpum the Warrior, an adept FoFi of Nemelex Xobeh (Snake:1)
  The ghost of loom the Severer, a journeyman MiBe of Trog (Orc:2)
  3 nagarajas (Snake:3)
  A vault warden (D:13)
  A frost giant (IceCv)
  Louise (D:14)
  Nessos (D:14)
  A dire elephant (Lair:6)
  Fannar (D:10)
  Harold (D:10)
  7 naga warriors
  5 anacondas
  2 catoblepae (Lair:6)
  A death knight (D:13)
  A centaur warrior (D:13)
  2 dancing weapons (D:13)
  Erica (D:9)
  7 two-headed ogres
  A queen ant (Lair:2)
  A tengu warrior (D:13)
  8 death yaks
  The ghost of JackS81 the Carver, a novice DsBe of Trog (Orc:1)
  9 naga sharpshooters
  3 shock serpents
  Urug (Orc:1)
  Sonja (Lair:3)
  A salamander mystic (Snake:2)
  2 skeletal warriors (D:15)
  3 unseen horrors
  2 lindwurms (Lair:6)
  A phantasmal warrior (D:15)
  10 orc knights
  A necromancer (D:15)
  Pikel (D:8)
  A tengu zombie (D:15)
  A sphinx zombie (D:15)
  An oklob plant (Lair:6)
  A stone giant zombie (D:15)
  9 mana vipers
  2 deep elf magi
  An orc sorcerer (Orc:1)
  4 ugly things
  3 cyclopes
  12 elephants
  8 salamanders
  4 manticores
  4 guardian serpents
  20 black mambas
  A torpor snail (Lair:6)
  A fire giant skeleton (D:15)
  8 naga magi
  An ice statue (IceCv)
  8 spiny frogs
  6 rime drakes
  2 freezing wraiths (D:13)
  7 komodo dragons
  3 tengu conjurers
  3 trolls
  2 hornets
  Grinder (D:3)
  21 polar bears
  9 dream sheep
  23 blink frogs
  10 hippogriffs
  4 wraiths
  A water elemental (D:15)
  4 wyverns
  A shadow (D:12)
  A vampire (D:9)
  5 hungry ghosts
  87 yaks
  4 basilisks
  3 vampire mosquitoes (D:15)
  6 wargs
  30 nagas
  An acid dragon (D:10)
  14 water moccasins
  17 porcupines
  8 soldier ants (Lair:2)
  41 orc warriors
  A black bear (D:10)
  A slave (D:8)
  3 phantoms
  7 ice beasts
  4 sky beasts
  An eye of draining (D:11)
  19 wolves
  10 ogres
  11 centaurs
  11 crocodiles
  4 big kobolds
  17 bullfrogs
  A wyvern skeleton (D:10)
  A water moccasin zombie (D:7)
  3 scorpions
  5 wights
  5 electric eels
  4 howler monkeys
  12 crimson imps
  A bullfrog zombie (D:8)
  A quasit (D:8)
  5 jellies
  Crazy Yiuf (D:5)
  2 centaur skeletons
  17 orc priests
  8 hounds
  10 orc wizards
  4 bullfrog skeletons
  Ijyb (D:3)
  3 iguanas
  30 worker ants
  A hell rat (Lair:6)
  2 killer bee zombies
  A mummy (D:6)
  A hound skeleton (D:4)
  A howler monkey zombie (D:7)
  3 worker ant zombies
  8 adders
  6 gnolls
  A howler monkey skeleton (D:10)
  2 shadow imps
  An adder skeleton (D:4)
  A worm (D:4)
  A dart slug (D:1)
  9 leopard geckos
  96 orcs
  4 giant cockroaches
  4 goblins (D:1)
  A hobgoblin (D:1)
  5 jackals
  24 kobolds
  7 quokkas
  4 ball pythons
  3 bats
  3 frilled lizards
  A leopard gecko skeleton (D:8)
  5 rats
  5 fungi
  3 plants (Lair:5)
894 creatures vanquished.

Vanquished Creatures (others)
  4 hydras
  2 oklob plants (Lair:6)
  A slave (D:8)
  4 fungi
  5 plants
16 creatures vanquished.

Grand Total: 910 creatures vanquished

Notes
Turn   | Place    | Note
-------+----------+-------------------------------------------
     0 | Abyss:1  | Gargoyl the Minotaur Abyssal Knight began the quest for the Orb.
     0 | Abyss:1  | Reached XP level 1. HP: 19/19 MP: 1/1
    47 | Abyss:1  | Noticed a chaos spawn
    53 | Abyss:1  | Noticed a large abomination
    97 | Abyss:2  | Noticed a smoke demon
   117 | Abyss:3  | Got brightly glowing pearl dragon scales
   122 | Abyss:3  | Noticed a large abomination
   123 | D:1      | Escaped the Abyss
   129 | D:1      | Identified the +2 pearl dragon scales of Fashionability {rElec rF- rN+ Str+4 Stlth+} (You found it on level 3 of the Abyss)
   245 | D:1      | Reached * piety under Lugonu
   276 | D:1      | Reached XP level 2. HP: 26/27 MP: 2/2
  1072 | D:2      | Found a shattered altar of Ashenzari.
  1080 | D:2      | Found a hazy altar of Hepliaklqana.
  1102 | D:2      | Found a bloodstained altar of Trog.
  1103 | D:2      | Found a deep blue altar of Sif Muna.
  1110 | D:2      | Found a shimmering altar of Xom.
  1134 | D:2      | Reached XP level 3. HP: 34/34 MP: 3/3
  1483 | D:3      | Noticed Ijyb
  1491 | D:3      | Killed Ijyb
  1525 | D:3      | Reached XP level 4. HP: 41/41 MP: 4/4
  1809 | D:3      | Reached skill level 5 in Fighting
  1809 | D:3      | Reached XP level 5. HP: 48/48 MP: 4/6
  2043 | D:3      | Noticed Grinder
  2053 | D:3      | Paralysed by Grinder for 6 turns
  2060 | D:3      | Killed Grinder
  2060 | D:3      | Reached XP level 6. HP: 43/56 MP: 7/7
  2163 | D:3      | Reached ** piety under Lugonu
  2261 | D:4      | Reached skill level 5 in Armour
  2572 | D:4      | Gained mutation: Your system is resistant to poisons. (rPois) [potion of mutation]
  2572 | D:4      | Gained mutation: You are weak. (Str -2) [potion of mutation]
  2572 | D:4      | Gained mutation: You have sharp toenails. [potion of mutation]
  2572 | D:4      | Gained mutation: You possess an exceptional clarity of mind. [potion of mutation]
  2579 | D:4      | Lost mutation: You are weak. (Str -2) [potion of mutation]
  2579 | D:4      | Lost mutation: Your system is resistant to poisons. (rPois) [potion of mutation]
  2579 | D:4      | Gained mutation: Your flesh is cold resistant. (rC+) [potion of mutation]
  2579 | D:4      | Gained mutation: You are occasionally teleported next to monsters. [potion of mutation]
  2579 | D:4      | Gained mutation: Armour fits poorly on your strangely shaped body. [potion of mutation]
  2579 | D:4      | Gained mutation: Your flesh is heat resistant. (rF+) [potion of mutation]
  2914 | D:4      | Reached skill level 5 in Axes
  2914 | D:4      | Reached XP level 7. HP: 60/61 MP: 8/8
  2930 | D:4      | Found a shadowy altar of Dithmenos.
  3279 | D:5      | Entered Level 5 of the Dungeon
  3344 | D:5      | Reached skill level 1 in Shields
  3900 | D:5      | Found a runed door.
  3954 | D:5      | Reached skill level 2 in Shields
  3982 | D:5      | Reached XP level 8. HP: 60/70 MP: 10/10
  4126 | D:5      | Reached *** piety under Lugonu
  4195 | D:5      | Reached skill level 3 in Shields
  4576 | D:5      | Noticed Crazy Yiuf
  4583 | D:5      | Killed Crazy Yiuf
  4626 | D:6      | Found Ytsoa's Distillery.
  4633 | D:6      | Bought a potion of haste for 110 gold pieces
  4645 | D:6      | Bought a potion of heal wounds for 55 gold pieces
  4645 | D:6      | Bought a potion of mutation for 88 gold pieces
  4645 | D:6      | Lost mutation: Your flesh is cold resistant. (rC+) [potion of mutation]
  4645 | D:6      | Lost mutation: Your flesh is heat resistant. (rF+) [potion of mutation]
  4645 | D:6      | Lost mutation: Armour fits poorly on your strangely shaped body. [potion of mutation]
  4645 | D:6      | Lost mutation: You are occasionally teleported next to monsters. [potion of mutation]
  4645 | D:6      | Lost mutation: You possess an exceptional clarity of mind. [potion of mutation]
  4645 | D:6      | Gained mutation: You are robust. (+10% HP) [potion of mutation]
  4645 | D:6      | Gained mutation: Your natural rate of healing is unusually fast. [potion of mutation]
  4645 | D:6      | Gained mutation: You have a beak for a mouth. [potion of mutation]
  4721 | D:6      | Found a staircase to the Ecumenical Temple.
  4741 | D:6      | Gained mutation: You heal very quickly. [mutagenic meat]
  4742 | D:6      | Gained mutation: You are partially covered in slimy green scales. (AC +2) [mutagenic meat]
  4743 | D:6      | Gained mutation: Your spells are a little easier to cast, but a little less powerful. [mutagenic meat]
  4744 | D:6      | Lost mutation: You are robust. (+10% HP) [mutagenic meat]
  4745 | D:6      | Gained mutation: You have sharp fingernails. [mutagenic meat]
  4804 | D:6      | Found a snail-covered altar of Cheibriados.
  4898 | D:6      | Reached skill level 4 in Shields
  5003 | D:6      | Found a white marble altar of Elyvilon.
  5680 | D:8      | Reached XP level 9. HP: 75/75 MP: 11/11
  5738 | D:7      | Noticed Joseph
  5751 | D:7      | Banished Joseph
  5751 | D:7      | Reached skill level 5 in Invocations
  5812 | D:7      | Found a blossoming altar of Fedhas.
  5835 | D:7      | Reached skill level 5 in Shields
  5947 | D:7      | Found an iron altar of Okawaru.
  6455 | D:8      | Noticed a two-headed ogre
  6468 | D:8      | Killed a two-headed ogre
  6468 | D:8      | Reached skill level 6 in Shields
  6528 | D:8      | Found Miabyuh's Armour Boutique.
  6589 | D:8      | Noticed Pikel
  6596 | D:8      | Killed Pikel
  6596 | D:8      | Reached XP level 10. HP: 86/86 MP: 13/13
  6859 | D:8      | Noticed a two-headed ogre
  6870 | D:8      | Killed a two-headed ogre
  7370 | D:8      | Reached skill level 7 in Shields
  7476 | D:9      | Reached skill level 10 in Axes
  7538 | D:9      | Reached **** piety under Lugonu
  7576 | D:9      | Reached skill level 1 in Throwing
  7631 | D:9      | Found a glowing golden altar of the Shining One.
  7640 | D:9      | Noticed Erica
  7670 | D:9      | Killed Erica
  7670 | D:9      | Reached skill level 8 in Shields
  7773 | D:9      | Found Vetz's General Store.
  7933 | D:9      | Reached XP level 11. HP: 91/93 MP: 15/15
  7993 | D:9      | Found a radiant altar of Vehumet.
  7993 | D:9      | Noticed an unseen horror
  7998 | D:9      | Killed an unseen horror
  8311 | D:10     | Entered Level 10 of the Dungeon
  8384 | D:10     | Noticed an unseen horror
  8411 | D:10     | Gained mutation: Your flesh is cold resistant. (rC+) [mutagenic meat]
  8412 | D:10     | Gained mutation: Your magical capacity is low. (-10% MP) [mutagenic meat]
  8413 | D:10     | Gained mutation: Your spells are easier to cast, but less powerful. [mutagenic meat]
  8425 | D:10     | Killed an unseen horror
  8425 | D:10     | Reached skill level 9 in Shields
  8553 | D:10     | Noticed a green ugly thing
  8571 | D:10     | Killed a green ugly thing
  8571 | D:10     | Reached skill level 10 in Armour
  8571 | D:10     | Reached skill level 5 in Dodging
  8737 | D:10     | Noticed Fannar
  8753 | D:10     | Killed Fannar
  8753 | D:10     | Reached ***** piety under Lugonu
  8958 | D:10     | Noticed a two-headed ogre
  8963 | D:10     | Killed a two-headed ogre
  8963 | D:10     | Reached skill level 10 in Shields
  9045 | D:10     | Noticed Harold
  9069 | D:10     | Killed Harold
  9431 | D:11     | Found a staircase to the Orcish Mines.
  9607 | D:11     | Found a staircase to the Lair.
  9693 | D:11     | Noticed a seven-headed hydra
  9699 | D:11     | Reached XP level 12. HP: 103/103 MP: 15/15
  9704 | D:11     | Banished a seven-headed hydra
  9901 | D:11     | Noticed a two-headed ogre
  9906 | D:11     | Killed a two-headed ogre
 10145 | D:11     | Found Weseloixt's Magic Scroll Shop.
 10320 | D:11     | Noticed a two-headed ogre
 10327 | D:11     | Killed a two-headed ogre
 10424 | Lair:1   | Entered Level 1 of the Lair of Beasts
 10566 | Lair:1   | Noticed a five-headed hydra
 10574 | Lair:1   | Banished a five-headed hydra
 10574 | Lair:1   | Reached skill level 11 in Shields
 11168 | Lair:2   | Noticed a queen ant
 11188 | Lair:2   | Killed a queen ant
 11295 | Lair:2   | Found a staircase to the Shoals.
 11593 | Lair:2   | Reached ****** piety under Lugonu
 11847 | Lair:2   | Reached skill level 12 in Shields
 12168 | Lair:3   | Reached XP level 13. HP: 106/111 MP: 17/17
 12223 | Lair:3   | Identified a scroll of acquirement
 12305 | Lair:3   | Noticed Sonja
 12329 | Lair:3   | Killed Sonja
 12995 | Lair:4   | Found a staircase to the Snake Pit.
 13014 | Lair:4   | Reached skill level 10 in Invocations
 13654 | Lair:5   | Found a basalt altar of Yredelemnul.
 13668 | Lair:5   | Found a frozen archway.
 13677 | IceCv    | Entered an ice cave
 13735 | IceCv    | Reached skill level 13 in Shields
 13900 | IceCv    | Reached skill level 10 in Fighting
 14144 | IceCv    | Noticed a frost giant
 14152 | IceCv    | Killed a frost giant
 14152 | IceCv    | Reached XP level 14. HP: 117/121 MP: 18/18
 14726 | Lair:5   | Reached skill level 14 in Shields
 15203 | Lair:6   | Entered Level 6 of the Lair of Beasts
 16032 | Lair:6   | Found a staircase to the Slime Pits.
 16464 | Lair:6   | Reached XP level 15. HP: 110/129 MP: 20/20
 16752 | D:12     | Reached skill level 15 in Shields
 16890 | D:12     | Found a flickering gateway to a bazaar.
 16897 | Bazaar   | Entered a bazaar
 16910 | Bazaar   | Found Quxaunoph's Gadget Shoppe.
 16910 | Bazaar   | Found Ditsixoj's Antique Armour Shoppe.
 16946 | Bazaar   | Found Ziuxzal's Distillery.
 16946 | Bazaar   | Found Ofust's Magic Scroll Emporium.
 16964 | Bazaar   | Bought a scroll of acquirement for 676 gold pieces
 16969 | Bazaar   | Bought a scroll of teleportation for 39 gold pieces
 16969 | Bazaar   | Bought a scroll of blinking for 97 gold pieces
 16981 | Bazaar   | Bought a potion of heal wounds for 45 gold pieces
 16997 | D:12     | Got a pair of ichor-stained gloves
 17008 | D:12     | Identified the +0 pair of gloves "Giwedwa" {-Cast Str+4 Int-3 Dex+8} (You acquired it on level 12 of the Dungeon)
 17693 | D:13     | Found a gate to the Vaults.
 17712 | D:13     | Noticed a vault warden
 17726 | D:13     | Killed a vault warden
 18161 | D:13     | Gained mutation: You tend to lose your temper in combat. [mutagenic meat]
 18162 | D:13     | Lost mutation: Your spells are easier to cast, but less powerful. [mutagenic meat]
 18573 | Orc:1    | Entered Level 1 of the Orcish Mines
 18649 | Orc:1    | Found a runed door.
 18656 | Orc:1    | Found a runed door.
 18657 | Orc:1    | Noticed an orc warlord
 18813 | Orc:1    | Noticed JackS81's ghost (novice DsBe)
 18820 | Orc:1    | Killed JackS81's ghost
 18822 | Orc:1    | Noticed Urug
 18835 | Orc:1    | Killed Urug
 18971 | Orc:1    | Lost intelligence.
 19599 | Orc:2    | Entered Level 2 of the Orcish Mines
 19674 | Orc:2    | Found a staircase to the Elven Halls.
 20027 | Orc:2    | Noticed loom's ghost (journeyman MiBe)
 20039 | Orc:2    | Killed loom's ghost
 20204 | Orc:2    | Found Heyziuts's Distillery.
 20204 | Orc:2    | Found Moig's Antique Armour Shoppe.
 20229 | Orc:2    | Reached skill level 16 in Shields
 20239 | Orc:2    | Lost intelligence.
 20271 | Orc:2    | Found a roughly hewn altar of Beogh.
 20386 | Orc:2    | Bought a pair of polished gloves for 247 gold pieces
 20396 | Orc:2    | Identified the +0 pair of gloves "Acuinn" {*Slow Str+2 Dex+2} (You bought it in a shop on level 2 of the Orcish Mines)
 20521 | Orc:2    | Found Reoppus's Assorted Antiques.
 20521 | Orc:2    | Found Gaykitug's Armour Shoppe.
 20587 | Orc:2    | Bought a +1 pair of gloves of strength for 247 gold pieces
 20622 | Orc:2    | Bought a ring of strength for 58 gold pieces
 20625 | Orc:2    | Bought a scroll of enchant weapon for 217 gold pieces
 21236 | D:14     | Noticed Louise
 21253 | D:14     | Killed Louise
 21552 | D:14     | Found a glowing golden altar of the Shining One.
 21609 | D:14     | Noticed Nessos
 21623 | D:14     | Killed Nessos
 21825 | D:15     | Entered Level 15 of the Dungeon
 22166 | D:15     | Found a staircase to the Depths.
 22207 | D:15     | Found Wuj Ela's Gadget Shoppe.
 22362 | D:15     | Reached skill level 15 in Axes
 22739 | Shoals:1 | Entered Level 1 of the Shoals
 22801 | Snake:1  | Entered Level 1 of the Snake Pit
 22915 | Snake:1  | Reached XP level 16. HP: 139/139 MP: 22/22
 23138 | Snake:1  | Noticed pupurumpum's ghost (adept FoFi)
 23157 | Snake:1  | Killed pupurumpum's ghost
 23264 | Snake:1  | Reached skill level 15 in Armour
 24484 | Snake:2  | Reached skill level 17 in Shields
 25421 | Snake:4  | Entered Level 4 of the Snake Pit
 25506 | Snake:4  | Noticed Vashnia
 25519 | Snake:4  | Shot with a bolt by a naga sharpshooter

Skill      XL: |  1  2  3  4  5  6  7  8  9 10 11 12 13 14 15 16 |
---------------+-------------------------------------------------+-----
Invocations    | 2 3 4 6 7 8 9 10 12 13 | 13.7
Fighting       | 4 5 6 7 8 9 10 11 12 | 12.6
Armour         | 3 4 5 6 7 8 9 10 11 12 13 14 15 | 15.8
Axes           | 3 4 5 6 7 9 10 12 13 14 15 | 15.6
Dodging        | 2 3 4 5 6 7 8 |  8.8
Shields        | 2 4 6 8 10 12 13 14 16 17 | 17.5
Throwing       | 1 2 |  2.4

Action                   |  1- 3 |  4- 6 |  7- 9 | 10-12 | 13-15 | 16-18 || total
-------------------------+-------+-------+-------+-------+-------+-------++-------
Melee: Hand axe          |    68 |    64 |   299 |   645 |   954 |   217 ||  2247
       Headbutt          |    10 |    15 |    58 |   135 |   249 |    78 ||   545
       Kick              |       |     6 |    94 |   224 |   411 |   123 ||   858
       Peck              |       |       |    33 |   130 |   234 |    69 ||   466
Throw: Javelin           |       |     2 |     4 |    18 |     9 |     2 ||    35
Invok: Depart the Abyss  |     1 |       |       |       |       |       ||     1
       Bend Space        |       |       |     1 |       |       |       ||     1
       Banish            |       |       |     1 |     4 |    19 |       ||    24
  Use: Scroll            |     5 |     9 |    10 |     7 |    20 |     3 ||    54
       Potion            |     3 |     3 |     4 |     1 |       |     1 ||    12
 Stab: Petrified         |       |       |       |       |     4 |       ||     4
  Eat: Chunk             |     2 |     4 |    13 |    25 |    31 |     5 ||    80
       Bread ration      |       |       |     1 |       |     3 |     1 ||     5
Armor: Pearl dragon scal |    41 |    30 |   114 |   195 |   266 |    74 ||   720
Dodge: Dodged            |    25 |    28 |    47 |   111 |   268 |   100 ||   579
Block: Large shield      |       |     3 |   242 |   608 |  1029 |       ||  1882
       Buckler           |       |       |       |       |     4 |   137 ||   141
       Reflection        |       |       |       |       |       |    33 ||    33
